 Dungeon Crawl Stone Soup version 0.32-a0-768-g0f6f1dd4b9 (webtiles) character file.

Game seed: 351240677192545614

6076 Griffin23 the Carver (level 10, 0/91 HPs)
             Began as a Minotaur Fighter on Mar 18, 2024.
             Was a Priest of the Shining One.
             Shot with an arrow by a centaur (13 damage)
             ... on level 10 of the Dungeon.
             The game lasted 00:22:02 (8415 turns).

Griffin23 the Carver (Minotaur Fighter)             Turns: 8415, Time: 00:22:04

Health: 0/91       AC: 23    Str: 25    XL:     10   Next: 57%
Magic:  6/9        EV: 12    Int:  5    God:    the Shining One [***...]
Gold:   404        SH: 13    Dex: 10    Spells: 9/9 levels left

rFire   . . .        N - +6 double sword
rCold   . . .        u - +2 buckler
rNeg    + . .        k - +0 storm dragon scales
rPois   .            (helmet restricted)
rElec   +            n - +2 cloak {Will+}
rCorr   .            (no gloves)
SInv    .            K - +0 pair of boots
Will    +....        q - amulet of the acrobat Stlth
                     e - +4 ring of protection
HPRegen 0.35/turn    d - +5 ring of evasion
MPRegen 0.11/turn

%: acrobat
@: mighty, divinely shielded, glowing
A: horns 2, retaliatory headbutt
a: Renounce Religion, Divine Shield, Cleansing Flame


You were on level 10 of the Dungeon.
You worshipped the Shining One.
The Shining One was most pleased with you.
You visited 2 branches of the dungeon, and saw 11 of its levels.
You also visited: Ossuary.

You collected 446 gold pieces.
You spent 42 gold pieces at shops.

Inventory:

Hand Weapons
 a - a +0 long sword
 N - a +6 double sword (weapon)
Missiles
 v - 4 throwing nets (quivered)
 O - 6 silver javelins
Armour
 c - a +0 buckler
 f - a +0 cloak
 k - +0 storm dragon scales (worn)
 n - a +2 cloak of willpower (worn)
 o - a +0 scale mail
 u - a +2 buckler (worn)
 K - a +0 pair of boots (worn)
Jewellery
 d - a +5 ring of evasion (right hand)
 e - a +4 ring of protection (left hand)
 p - a ring of fire
 q - an amulet of the acrobat (around neck)
Wands
 t - a wand of light (19)
 G - a wand of mindburst (14)
 H - a wand of warping (7)
 I - a wand of flame (5)
Scrolls
 h - 2 scrolls of fear {unknown}
 i - 3 scrolls of blinking
 j - 2 scrolls of enchant weapon
 l - a scroll of teleportation
 m - 2 scrolls of brand weapon
 x - a scroll of enchant armour {unknown}
 y - 6 scrolls of identify
 D - a scroll of butterflies {unknown}
 F - 2 scrolls of poison
 J - a scroll of amnesia
Potions
 b - a potion of haste
 g - 3 potions of curing
 r - a potion of magic {unknown}
 s - a potion of cancellation {unknown}
 w - 3 potions of attraction {unknown}
 z - 4 potions of berserk rage {unknown}
 A - a potion of brilliance {unknown}
 B - 3 potions of heal wounds {unknown}
 C - 2 potions of lignification {unknown}
 E - a potion of invisibility {unknown}
 M - a potion of ambrosia {unknown}


   Skills:
 + Level 9.5 Fighting
 * Level 12.1 Long Blades
 + Level 9.5 Armour
 + Level 9.4 Shields


You had 9 spell levels left.
You didn't know any spells.
Your spell library contained the following spells:

 Spells                   Type           Power      Damage    Failure   Level
 Static Discharge         Conj/Air       0%         3-3/arc   99%         2
 Frozen Ramparts          Ice            0%         1d1       100%        3
 Ozocubu's Armour         Ice            0%         N/A       100%        3
 Passwall                 Erth           0%         N/A       100%        3
 Tukima's Dance           Hex            0%         N/A       100%        3
 Volatile Blastmotes      Fire/Tloc      0%         2d10      100%        3
 Airstrike                Air            0%         2d(0-16)  100%        4
 Dimensional Bullseye     Hex/Tloc       0%         N/A       100%        4
 Iskenderun's Mystic Bla  Conj/Tloc      0%         2d3       100%        4
 Summon Lightning Spire   Summ/Air       0%         N/A       100%        4
 Metabolic Englaciation   Hex/Ice        0%         N/A       100%        5
 Bombard                  Conj/Erth      0%         9d1       100%        6


Dungeon Overview and Level Annotations

Branches:
Dungeon (10/15)            Temple (1/1) D:4            Lair (0/5) D:9
Ossuary (visited)
    Orc: D:9-12

Altars:
Ashenzari
Cheibriados
Dithmenos
Elyvilon
Fedhas
Gozag
Hepliaklqana
Kikubaaqudgha
Makhleb
Nemelex Xobeh
Okawaru
Qazlal
Ru
Trog
Uskayaw
Vehumet
Wu Jian
Xom
Yredelemnul
Zin
The Shining One

Shops:
D:3 *   D:5 :   D:7 *

Annotations:
D:10 Snorg


Innate Abilities, Weirdness & Mutations

You have a pair of horns on your head.
You reflexively headbutt those who attack you in melee.


Message History

You kill the centaur!
The centaur shoots an arrow.
You block the arrow.
Snorg goes berserk!
The centaur shoots an arrow.
You block the arrow.
You slice Snorg!!
Snorg is moderately wounded.
You block Snorg's attack. Snorg claws you. Snorg claws you!
The centaur shoots an arrow.
You block the arrow. Snorg bites you! Snorg claws you! Snorg misses you.
You are too injured to fight recklessly!
You are too injured to fight recklessly!
You slash Snorg!
Snorg is heavily wounded.
The centaur shoots an arrow.
You block the arrow. You block Snorg's attack. Snorg claws you.
Snorg barely misses you.
You slash Snorg!
Snorg is heavily wounded.
The centaur shoots an arrow.
The arrow hits you but does no damage. Snorg completely misses you.
Snorg claws you but does no damage. Snorg completely misses you.
The centaur shoots an arrow.
The arrow hits you but does no damage.
You barely miss Snorg. Your headbutt misses Snorg.
Snorg is heavily wounded.
You block Snorg's attack. Snorg claws you but does no damage.
You block Snorg's attack.
The centaur shoots an arrow.
The arrow barely misses you. Snorg bites you.
Snorg claws you but does no damage. Snorg barely misses you.
You slice Snorg!! You headbutt Snorg.
Snorg is severely wounded.
The centaur shoots an arrow.
The arrow closely misses you. Snorg closely misses you.
You furiously retaliate!
You headbutt Snorg!! Snorg claws you.
* * * LOW HITPOINT WARNING * * *
You block Snorg's attack.
You barely miss Snorg. Your headbutt misses Snorg.
Snorg is almost dead.
The centaur shoots an arrow.
The arrow hits you!
* * * LOW HITPOINT WARNING * * *
You block Snorg's attack. x2; Snorg completely misses you.
The centaur shoots an arrow.
The arrow hits you!
You die...

# .# .## ..# #.#
..## #.## ...####..#
#...#...# #.c....#
######
#T....###....######
#.@..........[.....
#.)..>..........####
#.....#############
#...### #..# #.. #.
#. # #


You could see Snorg (berserk) and a centaur.

Vanquished Creatures
  Urug (D:9)
  Pikel (D:8)
  A troll (D:9)
  A shadow (D:9)
  A wyvern (D:7)
  2 steam dragons
  An acid dragon (D:9)
  2 water moccasins
  4 sky beasts
  An ice beast (D:7)
  2 black bears
  2 wolves (D:9)
  3 centaurs
  A weeping skull (Ossuary)
  3 phantoms
  2 bullfrogs (D:6)
  2 kobold brigands
  A scorpion (D:6)
  A gnoll sergeant (D:6)
  Blork the orc (D:5)
  A burial acolyte (Ossuary)
  4 wights (D:7)
  9 killer bees
  3 electric eels (D:9)
  A howler monkey (D:4)
  2 bombardier beetles
  A human zombie (Ossuary)
  9 hounds
  2 jellies (D:6)
  3 gnoll boudas
  3 orc priests
  Crazy Yiuf (D:3)
  6 orc wizards
  3 sleepcaps (D:6)
  Terence (D:2)
  4 iguanas
  4 mummies (Ossuary)
  Robin (D:3)
  17 gnolls
  6 adders
  A shadow imp (D:6)
  2 ufetubi (D:6)
  3 ribbon worms
  3 dart slugs
  23 orcs
  3 ball pythons
  9 endoplasms
  2 giant cockroaches (D:2)
  A gnoll zombie (Ossuary)
  16 goblins
  11 hobgoblins
  9 jackals
  3 quokkas
  6 bats
  A frilled lizard (D:2)
  15 kobolds
  2 kobold zombies (Ossuary)
  4 orc zombies (Ossuary)
  10 rats
238 creatures vanquished.

Vanquished Creatures (others)
  An orc wizard (D:9)
  A shadow imp (D:7)
2 creatures vanquished.

Grand Total: 240 creatures vanquished

Notes
Turn   | Place    | Note
-------+----------+-------------------------------------------
     0 | D:1      | Griffin23 the Minotaur Fighter began the quest for the Orb.
     0 | D:1      | Reached XP level 1. HP: 19/19 MP: 0/0
   139 | D:1      | Reached XP level 2. HP: 27/27 MP: 1/1
   239 | D:1      | Reached skill level 3 in Long Blades
   461 | D:1      | Reached XP level 3. HP: 33/33 MP: 2/2
   739 | D:2      | Noticed Terence
   773 | D:2      | Killed Terence
   774 | D:2      | Reached XP level 4. HP: 12/41 MP: 3/3
   994 | D:2      | Found a faded altar of an unknown god.
  1377 | D:3      | Found a shadowy altar of Dithmenos.
  1434 | D:3      | Found a runed translucent door.
  1435 | D:3      | Noticed Crazy Yiuf
  1528 | D:3      | Reached XP level 5. HP: 46/47 MP: 4/4
  1534 | D:3      | Noticed Robin
  1549 | D:3      | Killed Robin
  1550 | D:3      | Reached skill level 4 in Long Blades
  1683 | D:3      | Found Qawkipn's General Store.
  1691 | D:3      | Bought a scroll of teleportation for 42 gold pieces
  1779 | D:3      | Found a white marble altar of Elyvilon.
  2038 | D:3      | Killed Crazy Yiuf
  2192 | D:4      | Reached skill level 5 in Fighting
  2192 | D:4      | Reached skill level 5 in Armour
  2192 | D:4      | Reached skill level 5 in Shields
  2261 | D:4      | Noticed a phantom
  2278 | D:4      | Killed a phantom
  2279 | D:4      | Reached XP level 6. HP: 55/56 MP: 5/5
  2406 | D:4      | Found a staircase to the Ecumenical Temple.
  2427 | Temple   | Entered the Ecumenical Temple
  2795 | Temple   | Became a worshipper of the Shining One
  3145 | D:5      | Entered Level 5 of the Dungeon
  3153 | D:5      | Reached skill level 5 in Long Blades
  3225 | D:5      | Found an ancient bone altar of Kikubaaqudgha.
  3598 | D:5      | Reached XP level 7. HP: 55/61 MP: 6/6
  3638 | D:5      | Found Muskiw's Vocational Training.
  3666 | D:5      | Noticed Blork the orc
  3671 | D:5      | Killed Blork the orc
  3765 | D:5      | Reached skill level 6 in Long Blades
  4284 | D:6      | Reached * piety under the Shining One
  4286 | D:6      | Found a shimmering altar of Xom.
  4303 | D:6      | Reached skill level 7 in Long Blades
  4303 | D:6      | Reached XP level 8. HP: 40/70 MP: 7/7
  4764 | D:6      | Found an iron altar of Okawaru.
  4897 | D:6      | Reached skill level 8 in Long Blades
  5160 | D:6      | Found a basalt altar of Yredelemnul.
  5161 | D:6      | Found a radiant altar of Vehumet.
  5436 | D:7      | Reached skill level 9 in Long Blades
  5436 | D:7      | Reached XP level 9. HP: 79/79 MP: 8/8
  5517 | D:7      | Found Buron's Gadget Gallery.
  5557 | D:7      | Found a sand-covered staircase.
  5802 | Ossuary  | Entered an ossuary
  5818 | Ossuary  | Reached ** piety under the Shining One
  5926 | Ossuary  | Reached *** piety under the Shining One
  6138 | D:7      | Reached skill level 10 in Long Blades
  6805 | D:8      | Noticed Pikel
  6811 | D:8      | Killed Pikel
  6880 | D:8      | Found a stormy altar of Qazlal.
  7073 | D:8      | Reached XP level 10. HP: 86/90 MP: 9/9
  7161 | D:8      | Reached skill level 11 in Long Blades
  7259 | D:9      | Found a staircase to the Lair.
  8247 | D:10     | Entered Level 10 of the Dungeon
  8247 | D:10     | Noticed Urug
  8258 | D:9      | Killed Urug
  8293 | D:9      | Reached skill level 12 in Long Blades
  8402 | D:10     | Noticed Snorg
  8415 | D:10     | Shot with an arrow by a centaur

Illustrated notes

Levels and vault maps discovered:
D:1:      giann_bridges, layout_loops_ring, minmay_cut_off
D:2:      layout_rooms, shapermc_ecumenical_altar_acropolis, st_stairs_4,
          uniq_terence
D:3:      layout_loops_ring, grunt_dithmenos_smoke, mainiacjoe_overflow_catwalk,
          serial_shops, shop, st_stairs_13, uniq_crazy_yiuf_cottage, uniq_robin
D:4:      layout_cave_pools, temple_statues
D:5:      layout_loops_ring, kiku_gazebo_pond_becter, serial_bayou_lagoon_a,
          nicolae_shop_vocational, uniq_blork_the_orc
D:6:      layout_cave_pools, nicolae_overflow_hidden_temple,
          xom_confusion_cloud, mainiacjoe_overflow_alcove_2,
          mainiacjoe_overflow_divided_tiny, minmay_strange_pillars,
          kennysheep_generic_room_7
D:7:      minmay_inner_zag, layout_basic, nicolae_ossuary_entry_ruins,
          st_stairs_9, hangedman_decor_peaks_small, serial_bayou_pond_d,
          nicolae_shop_gadgets
D:8:      layout_basic, grunt_qazlal_clouds, uniq_pikel
D:9:      layout_basic, erik_lair_island
D:10:     layout_layer_cave, orc_0_dummy, uniq_urug, uniq_snorg
Temple:   oiseaux_autumnal_temple

Skill      XL: |  1  2  3  4  5  6  7  8  9 10 |
---------------+-------------------------------+-----
Armour         | 4 5 6 7 8 9 |  9.5
Shields        | 4 5 6 7 8 9 |  9.4
Long Blades    | 3 4 5 7 9 10 12 | 12.1
Fighting       | 4 5 6 7 8 9 |  9.5

Action                     |  1- 3 |  4- 6 |  7- 9 | 10-12 || total
---------------------------+-------+-------+-------+-------++-------
  Melee: Long sword        |    90 |   200 |   354 |    97 ||   741
         Headbutt          |    11 |    36 |    99 |    22 ||   168
         Double sword      |       |       |       |    14 ||    14
 Invoke: Divine Shield     |       |       |     1 |     1 ||     2
    Use: Potion            |       |     1 |       |     1 ||     2
         Scroll            |       |       |     6 |       ||     6
 Armour: Scale mail        |    78 |    93 |       |       ||   171
         Storm dragon scal |       |    98 |   194 |   124 ||   416
         Steam dragon scal |       |       |       |     1 ||     1
  Dodge: Dodged            |    42 |   103 |   180 |   134 ||   459
  Block: Buckler           |    26 |    57 |   110 |    68 ||   261

Table legend: (Time is in decaauts)
 A = Elapsed time spent in this place.
 B = Non-inter-level travel time spent in this place.
 C = Inter-level travel time spent in this place.
 D = Time resting spent in this place.
 E = Time spent auto-exploring this place.
 F = Levels seen in this place.
 G = Mean time per level.
                   A        B        C        D        E       F      G
               +--------+--------+--------+--------+--------+-----+--------+
         Total |   8501 |   7547 |    954 |    939 |   4734 |  12 |  708.4 |
       Dungeon |   7812 |   7303 |    509 |    939 |   4627 |  10 |  781.2 |
        Temple |    454 |      9 |    445 |      0 |      0 |   1 |  454.0 |
       Ossuary |    234 |    234 |      0 |      0 |    107 |   1 |  234.0 |
               +--------+--------+--------+--------+--------+-----+--------+

Top non-repeatable levels by time:
     D:6: 1176 daAuts
     D:5: 1047 daAuts
     D:7: 1026 daAuts
     D:8: 943 daAuts
     D:3: 879 daAuts
     D:1: 813 daAuts
     D:9: 785 daAuts
     D:2: 580 daAuts
     D:4: 486 daAuts
  Temple: 454 daAuts
 Ossuary: 234 daAuts
    D:10: 72 daAuts
